 Dungeon Crawl Stone Soup version 0.18-a0-1057-g88203af (webtiles) character file.

14 Kristof the Digger (level 2, -1/15 HPs)
             Began as a Gargoyle Earth Elementalist on Jan 12, 2016.
             Slain by a kobold
             ... wielding a +0 short sword
              (2 damage)
             ... on level 1 of the Dungeon.
             The game lasted 00:02:35 (605 turns).

Kristof the Digger (Gargoyle Earth Elementalist)     Turns: 605, Time: 00:02:35

Health: -1/15      AC:  4    Str: 11    XL:     2   Next: 41%
Magic:  5/5        EV: 12    Int: 15    God:
Gold:   21         SH:  0    Dex: 10    Spells: 2 memorised, 3 levels left

rFire  . . .     SeeInvis .     k - -1 whip (curse)
rCold  . . .     Gourm    .     a - +0 robe
rNeg   + . .     Faith    .     (no shield)
rPois  ∞         Spirit   .     (no helmet)
rElec  +         Dismiss  .     (no cloak)
rCorr  .         Reflect  .     (no gloves)
SustAt .         Harm     .     (no boots)
MR     .....                    g - amulet of inaccuracy (curse)
Stlth  ++........               (no ring)
                                (no ring)

@: not resistant to hostile enchantments, unstealthy
A: negative energy resistance 1, electricity resistance, unbreathing,
petrification resistance, rot immunity, AC +2
a: no special abilities


You were on level 1 of the Dungeon.
You were not hungry.

You visited 1 branch of the dungeon, and saw 1 of its levels.

You collected 21 gold pieces.

Inventory:

Hand Weapons
 e - a +0 club
 k - a cursed -1 whip (weapon)
Missiles
 b - 24 stones (quivered)
Armour
 a - a +0 robe (worn)
Jewellery
 g - a cursed amulet of inaccuracy (around neck)
Potions
 j - a potion of magic {unknown}
Books
 c - a book of Geomancy

   Spells                             Type                      Level
   a - Sandblast                      Earth                        1
   b - Stoneskin                      Transmutation/Earth          2
   c - Passwall                       Transmutation/Earth          3
   d - Stone Arrow                    Conjuration/Earth            3
   e - Petrify                        Transmutation/Earth          4
   f - Lee's Rapid Deconstruction     Earth                        5
Comestibles
 d - a bread ration
 f - a meat ration
 h - a chunk of flesh
 i - a beef jerky


   Skills:
 - Level 1.5 Dodging
 - Level 2.1 Stealth
 * Level 2.5 Spellcasting
 - Level 0.7 Transmutations
 + Level 3.9 Earth Magic


You had 3 spell levels left.
You knew the following spells:

 Your Spells              Type           Power        Failure   Level  Hunger
a - Sandblast             Erth           ##....       4%          1    #......
b - Stoneskin             Trmt/Erth      #.......     14%         2    ###....


Dungeon Overview and Level Annotations

Branches:
Dungeon (1/15)

Altars:


Innate Abilities, Weirdness & Mutations

You are resistant to torment.
Your stone body is resilient (AC +2).
You are immune to poison.
You resist negative energy.
You are resistant to electric shocks.
You can survive without breathing.
You are immune to petrification.
You are immune to rotting.


Message History

You closely miss the kobold. The kobold hits you with a short sword.
You miss the kobold. The kobold hits you but does no damage.
You closely miss the kobold. The kobold completely misses you.
You barely miss the kobold.
The kobold hits you with a short sword. x2
You barely miss the kobold. The kobold completely misses you.
You closely miss the kobold. The kobold hits you with a short sword.
You closely miss the kobold. The kobold hits you with a short sword.
* * * LOW HITPOINT WARNING * * *
You are too injured to fight recklessly!
You are too injured to fight recklessly!
You are too injured to fight recklessly!
You are too injured to fight recklessly!
You are too injured to fight recklessly!
You are too injured to fight recklessly!
You are too injured to fight recklessly!
You miss the kobold. The kobold hits you with a short sword.
* * * LOW HITPOINT WARNING * * *
You closely miss the kobold. The kobold barely misses you.
You barely miss the kobold. The kobold hits you with a short sword.
You die...

.......
####....... ..
#.......... ...
#..........
...##........[.
##>.............
.......K........
.......@........
.$..............
......#........#
##+##..........#
.............##
.............#
.............#
.............#
.............#


You could see a kobold.

Vanquished Creatures
  A giant gecko (D:1)
  A giant cockroach (D:1)
  3 goblins (D:1)
  3 jackals (D:1)
  A kobold (D:1)
  A bat (D:1)
10 creatures vanquished.

Notes
Turn   | Place    | Note
--------------------------------------------------------------
     0 | D:1      | Kristof the Gargoyle Earth Elementalist began the quest for the Orb.
     0 | D:1      | Reached XP level 1. HP: 10/10 MP: 3/3
   329 | D:1      | Reached XP level 2. HP: 13/15 MP: 3/5
   354 | D:1      | Learned a level 2 spell: Stoneskin
   605 | D:1      | Slain by a kobold

Vault maps used:
D:1:      onia_arrival_pentagram

Action                   || total
-------------------------++-------
Melee: Club              ||     2
       Whip              ||    11
 Cast: Sandblast         ||    14
